[Event "Polish University-ch Teams 2024"]
[Site "Lublin"]
[Date "2024.02.25"]
[Round "9.7"]
[White "Dzida, Kamil"]
[Black "Baum, Jonasz"]
[Result "1-0"]
[ECO "B51"]
[WhiteElo "2403"]
[BlackElo "2400"]
[Annotator "TA"]
[PlyCount "135"]
[EventDate "2024.02.22"]
[EventType "team-tourn"]
[EventCountry "POL"]
[SourceTitle "playchess.com"]
[Source "ChessBase"]
[SourceQuality "1"]
[TimeControl "900+5"]

1. e4 c5 2. Nf3 d6 3. Bb5+ Nd7 4. a4 Ngf6 5. Nc3 a6 6. Be2 {[%emt 0:00:02] B51: Sicilian: Moscow Variation (3 Bb5+) without 3...Bd7.} g6 7. O-O Bg7 8. d3 O-O 9. Qd2 b6 10. Qf4 Bb7 11. Qh4 Ne5 $146 ({Predecessor:} 11... h5 12. Bg5 Bc6 13. Nd2 b5 14. f4 c4 15. f5 b4 16. Nd1 cxd3 17. cxd3 Qb6+ {0-1 Yang,K (2481)-Faizrakhmanov,R (2480) Titled Tuesday intern op 07th Dec blitz 2021 (4)}) 12. Nxe5 dxe5 13. f4 exf4 14. Bxf4 Qd7 15. Kh1 b5 16. Be3 b4 17. Nb1 c4 18. Nd2 cxd3 $1 19. cxd3 Ne8 (19... Rac8 $11) 20. Nc4 $14 Nd6 (20... Rb8 $14) 21. Nb6 $18 Qe6 22. Nxa8 Rxa8 (22... Bxa8 $16 23. Bh6 Bxh6 24. Qxh6 Qe5) 23. Qf2 $18 Bxb2 {[%emt 0:01:39] [#]} 24. Bg4 (24. Rab1 $1 $18 Bc3 25. Bd1) 24... Qf6 $16 25. Rab1 Qxf2 26. Rxf2 Bc3 27. Rc2 (27. e5 $1 $16 Nf5 28. Bd2 (28. Bxf5 gxf5 29. Rxf5 Rc8 $11) 28... Bxd2 (28... Bxe5 29. Bxf5 gxf5 30. Rxf5 $16) 29. Rxd2) 27... Bc6 $11 28. Rxb4 Bxb4 29. Rxc6 a5 30. Kg1 h5 31. Bh3 e6 32. Bf4 Rc8 33. Rxd6 Bxd6 34. Bxd6 Rd8 35. e5 Rc8 36. g3 Rc1+ 37. Bf1 $2 (37. Kf2 $11) 37... Ra1 $19 38. Kf2 Rxa4 39. Ke3 h4 $2 (39... Ra1 $19 40. Bg2 a4) 40. d4 $1 $11 Ra2 41. gxh4 Rxh2 42. Bb5 Rh3+ 43. Kd2 Rxh4 44. Ke3 Rh3+ 45. Ke4 Rc3 46. d5 exd5+ 47. Kxd5 Rc1 48. Bd7 Kg7 49. Be7 Rd1+ 50. Kc6 a4 51. Kc7 Ra1 52. Kd8 a3 $2 (52... g5 $11 53. Bd6 Kh6) 53. Bf6+ $18 Kh6 54. e6 fxe6 55. Bxa1 g5 56. Bxe6 Kh5 57. Ke7 g4 58. Kf6 Kh4 59. Kf5 g3 60. Bf6+ Kh3 61. Kf4+ Kh2 62. Be5 g2 63. Ke3+ Kg1 64. Ke2 Kh1 65. Bd5 Kg1 66. Bd6 a2 67. Bxa2 Kh1 68. Bd5 1-0

[Event "Polish University-ch Teams 2024"]
[Site "Lublin"]
[Date "2024.02.25"]
[Round "9.8"]
[White "Szustakowski, Antoni"]
[Black "Klepek, Witold"]
[Result "0-1"]
[ECO "A30"]
[WhiteElo "2354"]
[BlackElo "2262"]
[Annotator "TA"]
[PlyCount "107"]
[EventDate "2024.02.22"]
[EventType "team-tourn"]
[EventCountry "POL"]
[SourceTitle "playchess.com"]
[Source "ChessBase"]
[SourceQuality "1"]
[TimeControl "900+5"]

1. Nf3 Nf6 2. g3 c5 3. c4 b6 4. Bg2 Bb7 5. O-O e6 6. Nc3 Be7 7. Re1 O-O 8. e4 d6 9. d4 cxd4 10. Nxd4 Nbd7 {[%emt 0:00:11] [#]} 11. e5 $1 dxe5 12. Bxb7 exd4 {[%emt 0:00:11] White is better.} 13. Bxa8 ({But not} 13. Qxd4 Nc5 14. Qxd8 Raxd8 $15) 13... dxc3 14. Bg2 cxb2 15. Bxb2 Qc7 16. Qe2 Bc5 17. Red1 Re8 (17... e5 $14) 18. h4 $2 (18. Qf3 $16) 18... Qxg3 $19 19. Bd4 Qxh4 20. Bxc5 Nxc5 (20... bxc5 21. Bc6 Qg5+ 22. Kf1 $11) 21. Rd6 (21. Qe3 $142) 21... h5 22. Rad1 Ng4 23. f3 Nh6 24. R6d4 Qf6 25. Qd2 Kh7 26. Rd8 Rxd8 27. Qxd8 Qc3 28. Qd4 Qc2 29. Bf1 Qg6+ 30. Kf2 Qg5 31. Bd3+ Nf5 32. Bxf5+ Qxf5 {[%emt 0:00:03][%mdl 4096] Endgame. KQR-KQN} 33. Rd2 Qg5 34. Rd1 (34. Qe3 $142 Qf6 35. Kg2) 34... e5 35. Qe3 Qh4+ 36. Ke2 Qxc4+ 37. Ke1 Qh4+ (37... Qxa2 $2 38. Qxe5 Qe6 39. Qxe6 fxe6 (39... Nxe6 40. Rd7 $15) 40. Rd8 $19) 38. Ke2 Qh2+ 39. Ke1 Qxa2 $2 (39... Ne6 $19 {and Black stays clearly on top.} 40. Qf2 Qf4) 40. Qxe5 $17 Qe6 41. Qxe6 fxe6 {[%emt 0:00:07] KR-KN} 42. Ra1 {[%emt 0:00:04] [#]} (42. Kd2 $17 {is a better defense.}) 42... a6 $1 $19 43. Rb1 b5 44. Kd2 (44. Ke2 $142) 44... Kg6 45. Ke3 Kf5 46. Rh1 g6 47. f4 e5 $2 (47... b4 $19 48. Rb1 a5) 48. fxe5 $11 Kxe5 49. Rg1 Kf6 {[%emt 0:00:21] ...a5 would now be deadly.} 50. Kd4 $2 (50. Rc1 $11 {and White stays safe.} Ne6 51. Rc6) 50... Ne6+ $19 51. Kd5 $2 (51. Ke4 $17) 51... g5 $2 (51... Kf5 $19 52. Rf1+ Nf4+ 53. Kd4 g5) 52. Ra1 $2 (52. Rf1+ $11 Nf4+ (52... Ke7 53. Re1 $11) 53. Ke4) 52... Kf5 {[%emt 0:00:02] Strongly threatening ...g4.} 53. Rxa6 Nc7+ 54. Kd4 {[%emt 0:00:00] Weighted Error Value: White=0.65/Black=0.39.  Loses game:     	White=4     	---        Missed win:     	---       	Black=3      Mistake:       	White=4     	Black=1      Inaccurate:     	White=4     	---        OK:         	White=8     	Black=22     Best:        	White=2     	Black=4} 0-1

[Event "Polish University-ch Teams 2024"]
[Site "Lublin"]
[Date "2024.02.25"]
[Round "9.9"]
[White "Golenia, Jan"]
[Black "Koziorowicz, Michal"]
[Result "0-1"]
[ECO "E10"]
[WhiteElo "2221"]
[BlackElo "2324"]
[Annotator "TA"]
[PlyCount "58"]
[EventDate "2024.02.22"]
[EventType "team-tourn"]
[EventCountry "POL"]
[SourceTitle "playchess.com"]
[Source "ChessBase"]
[SourceQuality "1"]
[TimeControl "900+5"]

1. d4 e6 2. c4 Nf6 3. Nf3 c5 4. d5 b5 5. dxe6 fxe6 6. cxb5 d5 7. e3 Nbd7 8. Nc3 Bb7 9. Be2 {[%emt 0:00:15] Weiß steht etwas besser.} Bd6 10. a4 O-O 11. a5 Rc8 12. Ra4 Qe7 13. b3 (13. O-O $11) 13... e5 {[%emt 0:00:18] [#]} (13... c4 $15) 14. b6 a6 {[%emt 0:00:25] [#]} (14... e4 $15 15. Nd2 d4 (15... axb6 16. Nb5 $15)) 15. e4 d4 $36 {[%emt 0:00:13][%mdl 2048] Weiss steht unter starkem Druck.} (15... dxe4 16. Nh4 g6 17. Bg5 $16) (15... Nxe4 $2 16. Nxd5 Qf7 17. Rxe4 $18) 16. Bc4+ Kh8 17. Nd5 {[%emt 0:00:01] Ein Fehler, der zur Niederlage führt.} (17. Bg5 $17 dxc3 18. Nh4) 17... Nxd5 $19 18. exd5 e4 19. Ng5 e3 20. Qh5 g6 ({Schwächer ist} 20... Rxf2 21. Qxh7#) (20... exf2+ 21. Kd1 g6 (21... Nf6 $2 22. Qh4 $19) 22. Qe2 Qxe2+ 23. Kxe2 Rce8+ 24. Ne6 $19) 21. Qg4 (21. Qxh7+ Qxh7 22. Nxh7 exf2+ (22... Kxh7 $2 23. fxe3 Rce8 24. Ra2 $19) 23. Kf1 Kxh7 24. Ra2) 21... Ne5 22. Qe6 Qxg5 (22... exf2+ 23. Kf1 Rce8 24. Qxe7 Rxe7 25. Bd2 $17) 23. fxe3 Nxc4 (23... Qxg2 $142 24. exd4 Qxh1+ (24... Nf3+ $2 25. Kd1 $19) 25. Kd2 Nxc4+ (25... Qxh2+ $2 26. Kd1 $19) (25... Nf3+ $2 26. Kc2 $19) 26. bxc4 Rf2+ (26... Bxh2 $2 27. Kc2 $19) 27. Qe2 Bf4+ (27... Rxe2+ {wird mattgesetzt.} 28. Kxe2 Qxc1 29. Ra2 Qxc4+ 30. Kf3 Rf8+ 31. Ke3 cxd4+ 32. Kd2 Rf2+ 33. Ke1 Qf1#) (27... Qf3 28. Qxf2 Qxf2+ 29. Kd1 cxd4 30. Bd2 d3 31. Bc3+ Kg8 32. Ra2 Qxa2 33. Bb2 Qxb2 34. c5 Qe2+ 35. Kc1 Qc2#) 28. Kd3 Rxe2 29. Kxe2 Re8+ (29... Qxc1 {führt zum Matt.} 30. Ra2 Qxc4+ 31. Kf2 Qxa2+ 32. Kf3 Qxh2 33. Ke4 Qg3 34. dxc5 Qe3#) 30. Kf2 Qxh2+ (30... Qxc1 31. Ra2 Bxh2 32. Kf3 Qe3+ 33. Kg2 Qg3+ 34. Kh1 Qg1#) 31. Kf1 Re2 32. Bxf4 Qg2#) 24. bxc4 Qxg2 {[%emt 0:00:18] Schwarz setzt Matt.} 25. Qxd6 Qxh1+ 26. Kd2 Rf2+ 27. Kd3 Qd1+ 28. Ke4 Qc2+ 29. Ke5 Qf5# {[%emt 0:00:01] Gewichteter Fehlerwert: Weiß=1.50/Schwarz=0.43.  Verlustzug:     	Weiß=1     	---        Fehler:       	Weiß=4     	Schwarz=2     Ungenau:       	Weiß=3     	Schwarz=1     OK:         	Weiß=4     	Schwarz=3     Bester:       	---       	Schwarz=5} 0-1

[Event "Polish University-ch Teams 2024"]
[Site "Lublin"]
[Date "2024.02.25"]
[Round "9.10"]
[White "Karpus, Michal"]
[Black "Golenia, Wojciech"]
[Result "1-0"]
[ECO "C96"]
[WhiteElo "2243"]
[BlackElo "2212"]
[Annotator "TA"]
[PlyCount "99"]
[EventDate "2024.02.22"]
[EventType "team-tourn"]
[EventCountry "POL"]
[SourceTitle "playchess.com"]
[Source "ChessBase"]
[SourceQuality "1"]
[TimeControl "900+5"]

1. e4 e5 2. Nf3 Nc6 3. Bb5 a6 4. Ba4 Nf6 5. O-O Be7 6. Re1 b5 7. Bb3 d6 8. c3 O-O 9. h3 Na5 10. Bc2 c5 11. d4 Nd7 12. Nbd2 exd4 13. cxd4 Nc6 14. d5 Nce5 15. Nxe5 Nxe5 16. f4 Ng6 17. Nf3 {[%emt 0:00:03] The position is equal.} Bh4 18. Nxh4 Qxh4 19. f5 Ne5 20. Rf1 Re8 21. Bf4 $36 {[%emt 0:01:04][%mdl 2048] White is pushing.} g5 (21... a5 $11 {keeps the balance.}) 22. fxg6 $1 $16 hxg6 23. Qd2 f6 24. b4 c4 25. Qe3 Rb8 26. Bg3 Qh8 27. Rf2 Rb7 28. Raf1 Rf8 29. a4 Rh7 $2 (29... Kg7 $16) 30. axb5 Ng4 31. Qb6 (31. hxg4 $2 Rh1#) 31... Nxf2 32. Rxf2 (32. Bxf2 Bxh3 33. Bg3 (33. gxh3 $2 Rxh3 34. Kg2 Rh2+ 35. Kf3 Qh3+ 36. Ke2 Qc3 $19) 33... Bg4 $19) (32. Qxf2 $18 axb5 33. Bxd6 Bxh3 34. gxh3 (34. Bxf8 Bd7 $14) 34... Rxh3 35. Kg2 (35. Qg2 Qh4 $16)) 32... Bxh3 $1 $11 33. gxh3 Rxh3 34. Bh2 {[%emt 0:00:09] The board is on fire. Active counter play!} (34. Qxd6 $5 Rh1+ $8 35. Kg2 Qh3+ 36. Kf3 axb5 37. Ke3 $16 (37. Qe6+ Qxe6 38. dxe6 Re8 $11)) 34... Qh5 (34... axb5 $11 35. Qxd6 Qh5) 35. Qxd6 (35. Bxd6 $2 Rh1+ 36. Kg2 Qh3#) (35. bxa6 $16 {[%cal Ob4b5] aiming for b5!} Ra3 36. Qd4 (36. Bxd6 Ra1+ 37. Rf1 Qg5+ 38. Kf2 Ra2 $19) (36. Qxd6 Qg4+ 37. Rg2 Qf3 $11)) 35... Ra3 36. Qf4 {[%emt 0:00:57] Hoping for Qc1.} (36. Rxf6 Qg5+) 36... Qh3 $2 {[%emt 0:00:11][%mdl 8192] [#]} (36... axb5 $14 37. e5 Qh3) 37. b6 $1 $18 {[%emt 0:00:23] b7 is the strong threat.} (37. bxa6 Rxa6 38. d6 Kg7 $16) 37... Ra1+ 38. Rf1 Ra2 39. Qf2 {[%emt 0:01:04] b7 would now be deadly.} Rf7 (39... Qc3) 40. e5 Qg4+ {[%emt 0:00:09] [#]} 41. Kh1 $1 {[%emt 0:00:01] Black must now prevent e6.} Qd7 42. Qg2 {[%emt 0:00:58] Intending e6 and mate.} f5 43. e6 {[%emt 0:00:03] White mates.} Qb7 44. exf7+ Kxf7 45. d6 Qxg2+ 46. Kxg2 Rxc2+ 47. Rf2 Rxf2+ 48. Kxf2 c3 49. b7 c2 50. Bf4 {[%emt 0:00:01] Weighted Error Value: White=0.17 (very precise) /Black=0.50.  Loses game:     	---       	Black=2      Missed win:     	White=1     	---        Mistake:       	White=1     	Black=3      Inaccurate:     	White=1     	Black=3      OK:         	White=11    	Black=11     Best:        	White=2     	---        Strong:       	White=2     	Black=1} (50. b8=B $2 {loses.} c1=Q (50... c1=B 51. Ke2 $16) 51. d7 Ke7 $19 (51... Qd2+ $2 52. Kg1 $19)) 1-0

[Event "Polish University-ch Teams 2024"]
[Site "Lublin"]
[Date "2024.02.25"]
[Round "9.11"]
[White "Musial, Tomasz"]
[Black "Syrkiewicz, Michal"]
[Result "1-0"]
[ECO "B40"]
[WhiteElo "2171"]
[BlackElo "2074"]
[Annotator "ChessBase"]
[PlyCount "73"]
[EventDate "2024.02.22"]
[EventType "team-tourn"]
[EventCountry "POL"]
[SourceTitle "playchess.com"]
[Source "ChessBase"]
[SourceQuality "1"]
[TimeControl "900+5"]

1. e4 c5 2. Nf3 e6 3. g3 a6 4. Bg2 b5 5. O-O Bb7 6. Re1 d6 7. d4 cxd4 8. Nxd4 Qc7 9. a4 bxa4 10. Nc3 Nf6 11. Bg5 Be7 12. Bxf6 Bxf6 13. e5 Bxe5 14. Ndb5 axb5 15. Nxb5 Qb6 16. Bxb7 Ra5 17. Rxe5 Rxb5 18. Rxb5 Qxb5 19. Bf3 d5 20. c4 Qxc4 21. Rc1 Qa6 22. Be2 Qb7 23. Qxa4+ Ke7 24. Qa3+ Kd7 25. Bb5+ Kd8 26. Qa5+ Ke7 27. Rc7+ Qxc7 28. Qxc7+ Kf6 29. Bd3 g6 30. b4 Re8 31. b5 Kg7 32. b6 h5 33. b7 Rf8 34. Bb5 Kf6 35. Bd7 Na6 36. Qd6 Rb8 37. Qxa6 1-0

[Event "Polish University-ch Teams 2024"]
[Site "Lublin"]
[Date "2024.02.25"]
[Round "9.12"]
[White "Moscicka, Pola"]
[Black "Furtak, Joanna"]
[Result "1/2-1/2"]
[ECO "E97"]
[WhiteElo "1960"]
[BlackElo "1883"]
[Annotator "NA"]
[PlyCount "73"]
[EventDate "2024.02.22"]
[EventType "team-tourn"]
[EventCountry "POL"]
[SourceTitle "playchess.com"]
[Source "ChessBase"]
[SourceQuality "1"]
[TimeControl "900+5"]

1. d4 Nf6 2. c4 g6 3. Nc3 Bg7 4. e4 d6 5. Nf3 O-O 6. Be2 e5 7. O-O Nc6 8. d5 Ne7 9. b4 a5 10. Ba3 axb4 11. Bxb4 Re8 12. a4 Bf8 13. Qc2 c5 14. Ba3 Nh5 15. g3 Ng7 16. Bc1 f6 17. Be3 g5 18. Nd2 Bh3 19. Rfb1 b6 20. Qd1 Ng6 21. Bg4 Bxg4 22. Qxg4 h5 23. Qf3 Ra7 24. Rb2 Be7 25. Rab1 Ra6 26. Qd1 h4 27. Rb5 Qc7 28. Qb3 Bd8 29. Qd1 Qd7 30. Qe2 hxg3 31. hxg3 Qh3 32. Qf1 Qg4 33. Qe2 Qh3 34. Qf1 Qg4 35. Qd1 Qh3 36. Qf1 Qg4 37. Qd1 1/2-1/2

[Event "Polish University-ch Teams 2024"]
[Site "Lublin"]
[Date "2024.02.25"]
[Round "9.13"]
[White "Lukasiewicz, Krzysztof"]
[Black "Kosakowski, Jakub"]
[Result "0-1"]
[ECO "D02"]
[WhiteElo "2290"]
[BlackElo "2482"]
[Annotator "RC"]
[PlyCount "112"]
[EventDate "2024.02.22"]
[EventType "team-tourn"]
[EventCountry "POL"]
[SourceTitle "playchess.com"]
[Source "ChessBase"]
[SourceQuality "1"]
[TimeControl "900+5"]

1. d4 Nf6 2. Bf4 d5 3. e3 c5 4. Nf3 Nc6 5. Nbd2 cxd4 6. exd4 Bf5 7. c3 e6 8. Bb5 Qb6 9. Qb3 Be7 10. O-O O-O 11. Rfe1 Rfc8 12. Ne5 Nxd4 13. cxd4 Bc2 14. Qe3 Qxb5 15. Nxf7 Bf5 16. Ng5 Rc6 17. Nb3 Rac8 18. h3 Ne4 19. Nxe4 Bxe4 20. Rac1 b6 21. Rxc6 Rxc6 22. Rc1 a5 23. Rxc6 Qxc6 24. Nd2 Bf5 25. Kh2 h6 26. Qg3 Kh7 27. Be5 Bf8 28. Nf1 b5 29. Ne3 Bg6 30. Qh4 Qe8 31. f3 b4 32. Ng4 Be7 33. Qe1 Qc8 34. Qe3 Bf8 35. Qf4 Bf5 36. Ne3 Bg6 37. Ng4 Bf5 38. Ne3 Bb1 39. Ng4 Qe8 40. a3 bxa3 41. bxa3 Bf5 42. Ne3 Bg6 43. Ng4 Bf5 44. Ne3 g5 45. Qg3 Bxa3 46. f4 Be7 47. fxg5 hxg5 48. Nxf5 exf5 49. Qf3 Qf7 50. Qb3 Bf8 51. Qb5 Bg7 52. Bxg7 Kxg7 53. Qxa5 f4 54. Qd8 Kg6 55. h4 gxh4 56. Qxh4 Kf5 0-1

[Event "Polish University-ch Teams 2024"]
[Site "Lublin"]
[Date "2024.02.25"]
[Round "9.14"]
[White "Niedbala, Bartlomiej"]
[Black "Fiedorek, Michal"]
[Result "1-0"]
[ECO "A07"]
[WhiteElo "2382"]
[BlackElo "2286"]
[Annotator "TA"]
[PlyCount "112"]
[EventDate "2024.02.22"]
[EventType "team-tourn"]
[EventCountry "POL"]
[SourceTitle "playchess.com"]
[Source "ChessBase"]
[SourceQuality "1"]
[TimeControl "900+5"]

1. Nf3 Nf6 2. g3 d5 3. Bg2 e6 4. O-O Be7 5. d3 O-O 6. Bf4 {[%emt 0:00:07] A07: Barcza-System (Königsfianchetto mit möglichen Übergängen in andere Systeme).} c5 7. a4 Nc6 8. Qe1 $146 ({Predecessor:} 8. e4 Nh5 9. Bd2 Nf6 10. e5 Ng4 11. Qe2 f6 12. exf6 Bxf6 13. c3 Kh8 14. Na3 {½-½ Theodorou,N (2619)-Navara,D (2689) FIDE Grand Swiss 2023 (7)}) 8... Bd6 9. Bd2 Nd4 10. Na3 Bd7 11. b3 Rc8 12. e3 Nxf3+ 13. Bxf3 Bc6 14. e4 Be5 15. Rd1 Qe7 16. Nb1 dxe4 17. dxe4 Rfd8 18. Na3 Rd4 19. Nc4 Bb8 20. c3 (20. Bg5 $11) 20... Rd3 (20... Bxe4 $1 $15 21. Bxe4 (21. Bh1 Bxh1 22. cxd4 Bf3 $17) 21... Rxe4) 21. Be2 (21. Bg2 $14) 21... Bxe4 $1 $15 22. f3 Bg6 23. Bxd3 Bxd3 24. Rf2 Bc2 25. Ra1 $1 Bxb3 26. Ne3 (26. Na5 $15 Bc2 27. Bf4 Bxf4 28. Rxc2) 26... Nd5 (26... c4 $17 27. Ng2 a5) 27. Ng4 (27. a5 $15) 27... c4 $17 28. Kg2 (28. a5 $17 {war einen Versuch wert.}) 28... a6 29. Re2 Qd7 30. a5 Rd8 31. Nf2 (31. Ne3 $17 {ist eine bessere Verteidigung.}) 31... Ba7 32. Ng4 Bb8 ({Besser ist} 32... h6 $17 33. Qc1 Bc5) 33. Bc1 $2 (33. Nf2 $1 $11) 33... Ba7 $2 (33... h6 $19 34. Ne3 Qb5 35. Nxd5 Rxd5 (35... Qxd5 36. Rd2 $11)) 34. Ne5 $2 (34. Bd2 $1 $11 {und Weiss ist OK.}) 34... Qc7 35. Bd2 Bc5 36. Ng4 Qd7 37. Nf2 Ba7 ({Günstiger ist} 37... Qb5 $17 {Und jetzt ...Bd6 wäre schön.} 38. Ne4 Ba7) 38. Ne4 $2 (38. Ng4 $1 $11) 38... Qc6 39. h4 h6 40. Qc1 f5 41. Nf2 Qd7 42. Nh3 Bb8 43. Bxh6 gxh6 44. Qxh6 Qg7 (44... Nxc3 $17 45. Re3 Ba7 (45... Qd2+ $2 46. Kh1 $18) 46. Qg6+ Qg7 47. Qxe6+ (47. Qxg7+ $2 Kxg7 48. Rxc3 Bd4 $19) 47... Qf7 (47... Kh8 48. Rxc3 Rd2+ 49. Kh1 $11) 48. Qxf7+ Kxf7 49. Rxc3 Bd4 (49... Rd2+ 50. Kf1 $17)) 45. Qxe6+ $11 Kh8 46. Ng5 $1 f4 $2 (46... Nxc3 $11 47. Nf7+ Kh7 48. Ng5+ Kh8) 47. Rae1 $2 (47. Nf7+ Kh7 48. Nxd8 Ne3+ 49. Kh1 Qxc3 50. Rg1) 47... Ne3+ $18 {[%emt 0:00:15] [#]} (47... Nxc3 48. Nf7+) 48. Rxe3 $2 (48. Kh1 $1 $18 Rf8 49. Rd2 (49. gxf4 Nf5 $11)) 48... fxe3 $11 49. Rxe3 Rf8 50. Qg4 Kg8 $2 (50... Ba4 $11 {und Schwarz muss sich keine Sorgen machen.}) 51. Re6 (51. Qe6+ Kh8 $14) 51... Bd1 ({Lieber nicht} 51... Qxc3 52. Rg6+) 52. Qxc4 $2 ({Der einzige Zug:} 52. Re4 $18) 52... Bxf3+ $11 53. Kh3 $1 Qd7 54. Nxf3 Rxf3 55. Qg4+ Qg7 $2 (55... Kf7 $11 56. Qg6+ (56. Qxf3+ Kxe6 57. Qe4+ Kf6+ 58. g4 Qe6 $19) (56. Rf6+ Kxf6 57. Qxd7 Rxg3+ 58. Kh2 Rg7+ 59. Kh3 Rxd7 60. Kg2 Ke5 61. Kf3 Rd3+ 62. Kf2 Ke4 63. Ke2 Bf4 64. Kf2 Rd2+ 65. Kf1 Bg3 66. c4 Kf3 67. h5 Rd1#) 56... Kf8 57. Qh6+ Kg8 58. Qg5+ (58. Qg6+ $2 Qg7 $19) 58... Kf8 59. Qh6+ Kf7 60. Qg6+ Kf8 61. Qh6+) 56. Qxf3 Qd7 1-0

[Event "Polish University-ch Teams 2024"]
[Site "Lublin"]
[Date "2024.02.25"]
[Round "9.15"]
[White "Pultorak, Jan"]
[Black "Hasterok, Mateusz"]
[Result "1-0"]
[ECO "A01"]
[WhiteElo "2303"]
[BlackElo "2150"]
[Annotator "TA"]
[PlyCount "65"]
[EventDate "2024.02.22"]
[EventType "team-tourn"]
[EventCountry "POL"]
[SourceTitle "playchess.com"]
[Source "ChessBase"]
[SourceQuality "1"]
[TimeControl "900+5"]

1. b3 e5 2. Bb2 Nc6 3. e3 a6 4. Nf3 Qe7 5. d4 exd4 6. Nxd4 Nf6 7. Be2 g6 8. O-O {[%emt 0:00:23] White is slightly better.} Bg7 9. c4 d6 10. Nxc6 bxc6 11. Bf3 Bd7 12. Nc3 O-O 13. Qe2 Rfe8 14. Rfd1 Rab8 15. Rac1 h5 16. c5 a5 {[%emt 0:00:10] [#]} (16... d5 $11) 17. cxd6 $1 $16 cxd6 18. Ba3 c5 19. Qd3 Rb6 20. h3 Bc8 {[%emt 0:02:57] [#]} (20... Reb8 $14) 21. Na4 $1 Ra6 22. Qb5 Qd7 (22... Ne4 $16 {was necessary.}) 23. Be2 (23. Rxc5 $18 {has better winning chances. And now Bc6 would win.} Qxb5 24. Rxb5) 23... Ra7 (23... Qe7 $16) 24. Nb6 (24. Qb6 $18 {and White stays clearly on top.}) 24... Qe7 {[%emt 0:01:08] Strongly threatening ...Ba6.} 25. Qc6 $36 {[%emt 0:00:47][%csl LRc8,LRd6][%mdl 2048] Black is under strong pressure. White has more active pieces.} Ba6 (25... Be6 $16) 26. Bxa6 $18 Rxa6 27. Qxd6 $2 (27. Rxd6 $18 Rb8 28. Qxc5 (28. Bxc5 Ne4 $18) (28. Nc8 Qxd6 29. Qxd6 Rxd6 $18)) 27... Qb7 (27... Qxd6 $16 28. Rxd6 Ne4) 28. Bxc5 Ne4 29. Qd7 Qb8 (29... Qxd7 30. Nxd7 Nc3) 30. Nd5 {[%emt 0:00:33] Nc7 would now be deadly.} Rd8 $2 (30... Nf6 31. Nxf6+ Bxf6) 31. Ne7+ {[%emt 0:00:03] White is clearly winning.} Kh7 32. Qxd8 Qe5 33. Bd4 {[%emt 0:00:12] Weighted Error Value: White=0.27 (precise) /Black=0.46.  Mistake:       	White=3     	Black=8      Inaccurate:     	White=1     	Black=1      OK:         	White=6     	Black=10     Best:        	White=3     	Black=2      Strong:       	White=1     	---} 1-0

[Event "Polish University-ch Teams 2024"]
[Site "Lublin"]
[Date "2024.02.25"]
[Round "9.17"]
[White "Adamczewski, Jedrzej"]
[Black "Adamczyk, Zuzanna"]
[Result "1/2-1/2"]
[ECO "B15"]
[WhiteElo "1917"]
[BlackElo "1970"]
[Annotator "NA"]
[PlyCount "99"]
[EventDate "2024.02.22"]
[EventType "team-tourn"]
[EventCountry "POL"]
[SourceTitle "playchess.com"]
[Source "ChessBase"]
[SourceQuality "1"]
[TimeControl "900+5"]

1. e4 c6 2. Nc3 d5 3. Nf3 dxe4 4. Nxe4 Be6 5. d4 Nf6 6. Nxf6+ exf6 7. Be2 Bd6 8. O-O O-O 9. c3 Bc7 10. Ne1 Qd6 11. g3 Qd7 12. Nd3 Na6 13. Re1 Rfe8 14. Bf4 Bf5 15. Qd2 Rad8 16. Bxc7 Nxc7 17. Nc5 Qc8 18. Bd3 Bg6 19. Rxe8+ Rxe8 20. Re1 b6 21. Bxg6 hxg6 22. Rxe8+ Nxe8 23. Nd3 Nd6 24. b3 g5 25. c4 Ne4 26. Qe3 Qe6 27. Nb4 f5 28. f3 c5 29. Nd5 cxd4 30. Qxd4 Nd6 31. Kf2 g4 32. f4 Ne4+ 33. Kg2 Nc5 34. Qe5 Qxe5 35. fxe5 Nd3 36. Ne7+ Kf8 37. Nxf5 Nxe5 38. Nd6 Nc6 39. Kf2 Ke7 40. Nf5+ Kf6 41. Ne3 Kg5 42. Nd5 f5 43. a3 Kg6 44. b4 Kf7 45. Ke3 g5 46. Nc7 Ke7 47. Nb5 Ke6 48. Nc7+ Ke7 49. Nd5+ Ke6 50. Nc7+ 1/2-1/2

[Event "Polish University-ch Teams 2024"]
[Site "Lublin"]
[Date "2024.02.25"]
[Round "9.18"]
[White "Orlik, Sandra"]
[Black "Wojtas, Julia"]
[Result "1-0"]
[ECO "E92"]
[WhiteElo "1836"]
[BlackElo "1346"]
[Annotator "NA"]
[PlyCount "73"]
[EventDate "2024.02.22"]
[EventType "team-tourn"]
[EventCountry "POL"]
[SourceTitle "playchess.com"]
[Source "ChessBase"]
[SourceQuality "1"]
[TimeControl "900+5"]

1. d4 Nf6 2. Nf3 g6 3. c4 Bg7 4. Nc3 d6 5. e4 O-O 6. Be2 Nc6 7. h3 e5 8. d5 Ne7 9. Be3 Nd7 10. g4 f5 11. gxf5 gxf5 12. exf5 Nxf5 13. Qd2 Nxe3 14. Qxe3 c6 15. Rg1 Kh8 16. O-O-O Nf6 17. dxc6 bxc6 18. Nxe5 Qc7 19. Ng4 Rb8 20. Nxf6 Bxf6 21. Bg4 Qb7 22. Rd2 d5 23. Bxc8 Rfxc8 24. Nd1 Re8 25. Qc5 Qa6 26. a3 dxc4 27. Rd6 Bg7 28. Rd7 Be5 29. Re7 Rxe7 30. Qxe7 Qb5 31. Qg5 Re8 32. Qd2 c3 33. Nxc3 Qc4 34. Kc2 Bf4 35. Qd7 Re2+ 36. Kb1 Qb3 37. Qd8+ 1-0